Map: Waterfall

Players

DrJPEG - Winner!

  • Race: Protoss Protoss
  • League: Diamond
  • Spawn Location: 7:00

Micfetzer

  • Race: Zerg Zerg
  • League: Diamond
  • Spawn Location: 1:00

VOD

Have the link to the VOD?

Description

Standard Diamond 2 ZVP on Waterfall, groundtoss wins.

Time

  • Played on: Oct. 10, 2022, 9:30 p.m.
  • Length: 14:27
Show
View Real Time Build Order
Export as new Build Order

DrJPEG Protoss - Winner!

Build Orders: 1 Gate Expand, Dark Templar Rush 

Get SALT Encoding   

  12  0:00  Probe  
  13  0:12  Probe  
  14  0:19  Pylon  
  14  0:24  Probe  
  15  0:37  Probe (Chrono Boost)  
  15  0:39  Gateway  
  16  0:44  Assimilator  
  17  0:50  Probe (Chrono Boost)  
  17  0:55  Probe (Chrono Boost)  
  18  1:06  Probe  
  19  1:18  Probe  
  20  1:27  Nexus  
  20  1:39  Cybernetics Core  
  20  1:47  Assimilator  
  20  1:49  Probe  
  20  1:51  Pylon  
  21  2:01  Probe  
  22  2:14  Probe  
  22  2:15  Adept  
  25  2:16  Warp Gate  
  25  2:26  Probe  
  26  2:39  Probe (Chrono Boost)  
  27  2:45  Stalker  
  27  2:48  Probe (Chrono Boost), Robotics Facility  
  30  2:54  Twilight Council  
  30  2:56  Probe (Chrono Boost)  
  30  2:58  Probe (Chrono Boost)  
  31  3:03  Pylon, Probe x2 (Chrono Boost)  
  33  3:15  Probe x2  
  35  3:27  Probe x2  
  36  3:33  Dark Shrine  
  37  3:39  Probe x2  
  39  3:42  Gateway  
  39  3:43  Gateway  
  39  3:49  Gateway  
  39  3:50  Gateway  
  39  3:51  Probe x2  
  41  3:59  Dark Shrine  
  41  4:03  Probe x2  
  41  4:05  Warp Prism  
  45  4:14  Assimilator  
  45  4:16  Pylon  
  45  4:17  Charge (Chrono Boost)  
  45  4:18  Probe  
  45  4:19  Probe  
  45  4:20  Pylon  
  47  4:41  Probe x2  
  49  4:48  Stalker x2  
  49  4:49  Stalker x2  
  57  4:58  Nexus  
  57  5:05  Pylon  
  57  5:07  Assimilator  
  57  5:14  Pylon  
  57  5:35  Gateway  
  57  5:36  Gateway, Pylon  
  57  5:38  Dark Templar x4  
  65  5:47  Probe x2  
  67  5:59  Probe  
  68  6:07  Probe  
  67  6:11  Probe  
  67  6:16  Blink (Chrono Boost)  
  67  6:17  Immortal (Chrono Boost)  
  62  6:19  Probe  
  62  6:22  Zealot x4  
  75  6:34  Shield Battery  
  75  6:35  Shield Battery  
  75  6:37  Gateway  
  75  6:38  Zealot x2  
  75  6:39  Gateway  
  79  6:41  Pylon  
  79  6:45  Stalker x3  
  85  6:49  Probe x3  
  88  6:57  Pylon  
  88  6:59  Zealot x3  
  94  7:02  Probe  
  94  7:03  Probe  
  96  7:09  Probe  
  96  7:15  Probe  
  98  7:18  Gateway  
  98  7:19  Shield Battery  
  98  7:20  Pylon  
  98  7:25  Assimilator, Probe x2  
  98  7:27  Assimilator  
  100  7:30  Forge  
  100  7:33  Forge  
  100  7:34  Probe  
  101  7:42  Immortal  
  105  7:45  Probe x2  
  105  7:46  Zealot x2  
  111  7:55  Robotics Bay  
  111  7:58  Pylon  
  111  7:59  Probe x2  
  111  8:02  Robotics Facility  
  113  8:11  Photon Cannon  
  113  8:15  Photon Cannon  
  113  8:18  Zealot x5, Photon Cannon  
  123  8:21  Probe x2  
  125  8:38  Zealot x2, Protoss Ground Weapons Level 1 (Chrono Boost)  
  125  8:39  Zealot x5  
  139  9:04  Templar Archives  
  139  9:15  Observer (Chrono Boost)  
  132  9:24  Colossus (Chrono Boost)  
  127  9:31  Extended Thermal Lance (Chrono Boost), Protoss Ground Armor Level 1 (Chrono Boost)  
  125  9:42  Observer  
  125  9:44  Probe x2  
  125  9:45  Probe  
  126  9:56  Probe (Chrono Boost)  
  126  9:57  Probe (Chrono Boost)  
  126  9:58  Probe (Chrono Boost)  
  131  10:08  Probe x3 (Chrono Boost)  
  131  10:12  Pylon, Probe (Chrono Boost)  
  131  10:13  Probe (Chrono Boost)  
  133  10:14  Probe  
  133  10:16  Pylon  
  133  10:30  Protoss Ground Weapons Level 2 (Chrono Boost), Probe, Colossus  
  133  10:33  Colossus  
  146  10:40  Probe x2  
  130  10:50  Shield Battery, Probe  
  130  10:52  Probe  
  130  10:53  Probe  
  130  10:54  Stalker x5  
  130  10:55  Stalker x4  
  138  11:09  Gravitic Boosters (Chrono Boost)  
  137  11:16  Probe (Chrono Boost)  
  137  11:17  Probe (Chrono Boost)  
  137  11:18  Probe (Chrono Boost)  
  140  11:28  Probe (Chrono Boost)  
  140  11:29  Probe (Chrono Boost)  
  140  11:30  Probe (Chrono Boost)  
  143  11:34  Probe x3 (Chrono Boost)  
  146  11:41  Photon Cannon  
  146  11:43  Probe x2  
  148  11:47  Photon Cannon  
  148  11:48  Probe  
  149  12:04  Pylon  
  149  12:06  Pylon  
  149  12:21  Colossus  
  149  12:22  Probe x2  
  157  12:24  Probe, Colossus  
  164  12:35  Pylon  
  164  12:36  Pylon  
  164  12:38  Pylon  
  164  12:44  Pylon  
  164  13:02  Stalker  
  164  13:03  Stalker x5  
  164  13:20  Colossus x2  
  164  13:35  Zealot x5  
  164  13:36  Zealot  
  164  14:02  Zealot x2  
  164  14:03  Zealot x4  
  178  14:17  Nexus  
  178  14:20  Pylon  
Show
View Real Time Build Order
Export as new Build Order

Micfetzer Zerg 

Build Orders: Hatch First 

Get SALT Encoding   

  12  0:00  Drone  
  13  0:12  Overlord  
  13  0:16  Drone  
  14  0:31  Drone x2  
  16  0:52  Drone  
  16  0:55  Drone  
  18  0:58  Hatchery  
  18  1:01  Drone  
  18  1:10  Extractor  
  17  1:16  Spawning Pool  
  17  1:17  Drone  
  17  1:21  Drone  
  18  1:29  Drone  
  19  1:42  Drone  
  20  1:50  Overlord  
  20  2:10  Queen x2  
  20  2:11  Zergling x4  
  20  2:13  Drone  
  20  2:14  Metabolic Boost  
  27  2:22  Drone  
  28  2:23  Drone  
  29  2:33  Drone  
  30  2:44  Hatchery  
  30  2:50  Queen  
  31  2:58  Pneumatized Carapace  
  31  3:01  Overlord  
  31  3:11  Drone  
  31  3:12  Drone x3  
  35  3:15  Drone  
  36  3:20  Drone x2  
  36  3:25  Overlord  
  38  3:32  Queen  
  41  3:41  Drone x3  
  43  3:51  Drone  
  43  3:52  Drone x5  
  49  4:05  Extractor  
  49  4:07  Extractor, Roach Warren  
  49  4:09  Queen  
  48  4:15  Overlord  
  48  4:16  Overlord  
  48  4:18  Overlord  
  48  4:21  Drone x2  
  50  4:26  Lair  
  50  4:37  Drone x3  
  53  4:47  Roach  
  55  4:53  Roach x7  
  68  5:11  Overlord x4  
  68  5:15  Drone x2, Extractor  
  68  5:16  Drone x2  
  68  5:19  Drone x2  
  73  5:23  Glial Reconstitution  
  73  5:31  Overlord x2  
  73  5:40  Drone x6  
  79  5:49  Drone  
  81  5:50  Drone x5  
  81  5:54  Overseer  
  76  6:13  Drone x3  
  76  6:14  Drone x3  
  76  6:15  Drone x2  
  82  6:19  Roach  
  82  6:20  Roach x4  
  82  6:21  Roach  
  94  6:27  Drone  
  94  6:28  Drone  
  94  6:29  Baneling Nest  
  95  6:34  Drone x3  
  95  6:38  Extractor  
  95  6:39  Extractor  
  96  6:40  Drone  
  97  6:50  Drone x2  
  97  6:51  Drone  
  100  6:55  Drone  
  100  6:56  Drone x3  
  103  7:01  Overlord x2  
  103  7:03  Roach x4  
  111  7:08  Burrow  
  111  7:09  Hatchery, Tunneling Claws  
  111  7:10  Drone  
  111  7:11  Evolution Chamber x2, Drone  
  111  7:13  Overlord  
  110  7:35  Overlord  
  110  7:37  Drone x2  
  110  7:38  Drone x9  
  121  7:45  Overseer  
  121  7:47  Overseer  
  121  7:55  Drone x6, Hydralisk Den  
  121  7:57  Extractor, Infestation Pit  
  124  7:59  Drone x2  
  124  8:00  Drone  
  124  8:01  Extractor  
  124  8:02  Drone x3  
  129  8:11  Roach x4  
  137  8:22  Queen  
  139  8:27  Overlord  
  139  8:28  Overlord x7  
  139  8:31  Extractor  
  138  8:34  Extractor  
  137  8:44  Hatchery  
  136  8:56  Roach x10  
  136  9:00  Hive, Muscular Augments  
  136  9:05  Hydralisk x15  
  166  9:13  Hydralisk x3  
  166  9:23  Hydralisk x6  
  178  9:26  Roach x4  
  178  9:30  Zerg Ground Armor Level 1, Zerg Missile Weapons Level 1  
  178  9:34  Hydralisk x5  
  178  9:42  Roach x7  
  176  9:48  Overlord  
  168  9:52  Hydralisk  
  168  9:53  Hydralisk x8  
  186  10:11  Grooved Spines  
  186  10:13  Overseer x6  
  186  10:14  Overseer  
  186  10:31  Roach x7  
  180  10:40  Hydralisk x11  
  180  10:41  Hydralisk x3  
  198  10:56  Centrifugal Hooks  
  192  11:09  Viper x4  
  200  11:17  Overlord  
  200  11:18  Queen  
  198  11:20  Drone x2  
  200  11:44  Zerg Missile Weapons Level 2, Zerg Ground Armor Level 2  
  200  12:06  Hatchery  
  199  12:18  Extractor  
  199  12:22  Extractor  
  151  13:20  Hydralisk  
  151  13:21  Hydralisk x23  
  190  13:32  Spire  
  179  13:35  Viper x3  
  179  13:38  Hydralisk x8  
  198  13:48  Hydralisk x9  
  178  13:49  Hydralisk x2  
  187  13:58  Hydralisk x2  
  187  13:59  Hydralisk x4  
Tags
 
Add a new tag
Caveats
  • Supply blocks, unpowered buildings, or Contaminate may cause inaccurate times.
  • Supply counts are checked every 10 seconds.